 Dungeon Crawl Stone Soup version 0.16-a0-465-g631e55c (console) character file.

1360 Kellhus the Cleaver (level 8, 0/58 HPs)
             Began as a Mummy Fighter on Sept 16, 2014.
             Was a Follower of Okawaru.
             Killed from afar by an electric eel (13 damage)
             ... with a bolt of electricity
             ... on Level 6 of the Dungeon.
             The game lasted 00:08:49 (6055 turns).

Kellhus the Cleaver (Mummy Fighter)                 Turns: 6055, Time: 00:08:50

HP   0/58        AC 12     Str 19      XL: 8   Next: 37%
MP   8/8         EV  2     Int  7      God: Okawaru [*.....]
Gold 343         SH  9     Dex 13      Spells:  0 memorised,  7 levels left

rFire  x . .     SeeInvis .     a - +0 war axe
rCold  + . .     Clarity  .     e - +0 plate armour
rNeg   + + +     rCorr    .     c - +0 shield
rPois  +         rRot     +     (no helmet)
rElec  .         Spirit   .     (no cloak)
SustAb .         Warding  .     d - +0 pair of gloves
rMut   .         Stasis   .     (no boots)
Gourm  .                        (no amulet)
MR     +....                    (no ring)
                                g - ring of positive energy

@: somewhat resistant to hostile enchantments, extremely unstealthy
A: no food or potions, fire vulnerability, restore body, cold resistance 1,
negative energy resistance 3, poison resistance, torment resistance, unbreathing
a: Heroism, Renounce Religion


You were on level 6 of the Dungeon.
You worshipped Okawaru.
Okawaru was aware of your devotion.
You were not hungry.

You visited 2 branches of the dungeon, and saw 7 of its levels.

You collected 343 gold pieces.

Inventory:

Hand weapons
 a - a +0 war axe (weapon)
Armour
 b - a +0 scale mail
 c - a +0 shield (worn)
 d - a +0 pair of gloves (worn)
 e - a +0 plate armour (worn)
Magical devices
 n - a wand of fire (6)
 r - a wand of draining (0)
 s - a wand of confusion (10)
Scrolls
 f - 2 scrolls of noise {unknown}
 h - a scroll of enchant weapon {unknown}
 i - 2 scrolls of immolation {unknown}
 j - 3 scrolls of enchant armour {unknown}
 k - 4 scrolls of remove curse {unknown}
 l - 5 scrolls of identify {unknown}
 m - 3 scrolls of magic mapping {unknown}
 p - 2 scrolls of teleportation {unknown}
 q - a scroll of blinking {unknown}
 u - 2 scrolls of amnesia {unknown}
 v - a scroll of fog {unknown}
Jewellery
 g - a ring of positive energy (left hand)
Books
 o - a book of Power

   Spells                             Type                      Level
   Fulminant Prism                    Conjuration/Hexes            4
   Iskenderun's Mystic Blast          Conjuration                  4
   Venom Bolt                         Conjuration/Poison           5
   Bolt of Magma                      Conjuration/Fire/Earth       5
   Iron Shot                          Conjuration/Earth            6
   Orb of Destruction                 Conjuration                  7
 t - a book of Conjurations

   Spells                             Type                      Level
   Magic Dart                         Conjuration                  1
   Searing Ray                        Conjuration                  2
   Dazzling Spray                     Conjuration/Hexes            3
   Fulminant Prism                    Conjuration/Hexes            4
   Iskenderun's Mystic Blast          Conjuration                  4
   Iskenderun's Battlesphere          Conjuration/Charms           5


   Skills:
 - Level 3.0 Fighting
 + Level 8.8 Axes
 - Level 2.4 Armour
 - Level 2.4 Shields


You had 7 spell levels left.
You didn't know any spells.

Dungeon Overview and Level Annotations

Branches:
Dungeon (6/15)             Temple (1/1) D:5

Altars:
Ashenzari
Cheibriados
Dithmenos
Elyvilon
Fedhas
Gozag
Makhleb
Nemelex Xobeh
Okawaru
Qazlal
Sif Muna
Trog
Vehumet
Xom
Yredelemnul
The Shining One


Innate Abilities, Weirdness & Mutations

You do not eat or drink.
Your flesh is vulnerable to fire.
Your flesh is cold resistant.
You are immune to negative energy.
Your system is resistant to poisons.
You are immune to unholy pain and torment.
You can survive without breathing.


Message History

Your unstable footing causes you to fumble your attack.
The electric eel seems less confused.
The electric eel shoots out a bolt of electricity!
The bolt of electricity hits you!
You slash the electric eel!
The electric eel is heavily wounded.
You miss the electric eel.
The electric eel is heavily wounded.
The electric eel shoots out a bolt of electricity!
The bolt of electricity hits you!
You slash the electric eel!
The electric eel is almost dead.
The electric eel shoots out a bolt of electricity!
The bolt of electricity hits you!
* * * LOW HITPOINT WARNING * * *
You closely miss the electric eel.
The electric eel is almost dead.
The electric eel shoots out a bolt of electricity!
The bolt of electricity hits you!
You die...

#.##.....######.###.....#.###.##
#.######.# #.###..####.# #.#
##.# #.# #...#..# #.# #.# ...#
#.# #...#..# #.# #.# #..######.#
#.#.#..# ##.# #.# #......##.#
###'###..# #..# #.# #.####.##.#
##≈≈.≈≈##.# #.## #.# #.#
#.##.###≈≈≈.≈≈≈#.###.####.# #.#
#.##...#≈≈≈@;≈≈#..........# #.#
#.######≈≈≈#≈≈≈############# #.#
#.# #≈≈≈≈≈≈≈# #.. #.# #.#
#≈≈≈≈≈≈≈# #######.# #.# #.#
##≈≈≈≈≈## .......... #.# #>#
####### #######.# #.# #.# #.#
#.# #.# #.# #.# #.# #.# #.# #.#
#.#


You could see an electric eel.

Vanquished Creatures
  Eustachio (D:6)
  The ghost of Afay the Cutter, an average KoBe of Trog (D:3)
  An ogre (D:4)
  2 centaurs (D:6)
  Sigmund (D:3)
  2 giant frogs
  A scorpion (D:5)
  2 wights (D:6)
  2 crimson imps (D:5)
  An iron imp (D:6)
  2 orc priests
  2 iguanas
  3 orc wizards
  3 worker ants (D:4)
  3 adders
  2 shadow imps (D:6)
  4 worms
  An adder zombie (D:6)
  5 giant geckos
  17 orcs
  7 giant cockroaches
  12 hobgoblins
  6 jackals
  A quokka (D:4)
  10 bats
  5 giant newts
  13 goblins
  10 kobolds
  An orc skeleton (D:4)
  2 quokka skeletons (D:4)
  16 rats
  A rat skeleton (D:5)
140 creatures vanquished.

Notes
Turn   | Place    | Note
--------------------------------------------------------------
     0 | D:1      | Kellhus, the Mummy Fighter, began the quest for the Orb.
     0 | D:1      | Reached XP level 1. HP: 18/18 MP: 1/1
   293 | D:1      | Reached XP level 2. HP: 21/24 MP: 2/2
   670 | D:1      | Reached XP level 3. HP: 26/29 MP: 3/3
  1159 | D:2      | Found a basalt altar of Yredelemnul.
  1514 | D:2      | Reached XP level 4. HP: 31/35 MP: 4/4
  1635 | D:2      | Found a shattered altar of Ashenzari.
  1910 | D:3      | Noticed Sigmund
  1914 | D:3      | Killed Sigmund
  1914 | D:3      | Reached skill level 4 in Axes
  1914 | D:3      | Reached XP level 5. HP: 30/41 MP: 5/5
  2447 | D:3      | Noticed Afay's ghost (average KoBe)
  2491 | D:3      | Killed Afay's ghost
  2491 | D:3      | Reached skill level 5 in Axes
  2491 | D:3      | Reached XP level 6. HP: 30/47 MP: 6/6
  3245 | D:4      | Reached skill level 6 in Axes
  3365 | D:4      | Reached XP level 7. HP: 43/52 MP: 7/7
  3946 | D:5      | Entered Level 5 of the Dungeon
  4089 | D:5      | Found a burning altar of Makhleb.
  4131 | D:5      | Reached skill level 7 in Axes
  4225 | D:5      | Found a staircase to the Ecumenical Temple.
  4234 | Temple   | Entered the Ecumenical Temple
  4405 | Temple   | Became a worshipper of Warmaster Okawaru
  4447 | D:5      | Found a sparkling altar of Nemelex Xobeh.
  4450 | D:5      | Found a white marble altar of Elyvilon.
  5400 | D:6      | Noticed Eustachio
  5433 | D:6      | Killed Eustachio
  5433 | D:6      | Reached skill level 8 in Axes
  5433 | D:6      | Reached XP level 8. HP: 24/58 MP: 8/8
  5435 | D:6      | Acquired Okawaru's first power
  6055 | D:6      | Killed from afar by an electric eel

Action                   |  1- 3 |  4- 6 |  7- 9 || total
-------------------------+-------+-------+-------++-------
Melee: War axe           |   114 |   172 |   244 ||   530
Evoke: Wand              |       |     3 |     7 ||    10
